 Dungeon Crawl Stone Soup version 0.29.0-13-gc9e81de378 (webtiles) character file.

Game seed: 13245735122163002989

34971 LustLizard the Brawler (level 13, -3/133 HPs)
             Began as a Troll Fighter on Sept 8, 2022.
             Was a High Priest of Wu Jian.
             Slain by an azure jelly (8 damage)
             ... in an ice cave.
             The game lasted 00:41:28 (14537 turns).

LustLizard the Brawler (Troll Fighter)             Turns: 14537, Time: 00:41:28

Health: -3/133     AC:  8    Str: 27    XL:     13   Next: 45%
Magic:  12/12      EV: 10    Int:  8    God:    Wu Jian [*****.]
Gold:   961        SH: 10    Dex:  9    Spells: 12/12 levels left

rFire   . . .      SeeInvis .     - Unarmed
rCold   + + .      Faith    .   y - +0 kite shield {AC+3}
rNeg    . . .      Spirit   .   a - +0 robe
rPois   .          Reflect  .   (helmet restricted)
rElec   .          Harm     .   v - +0 cloak
rCorr   .          Rampage  .   (gloves unavailable)
Will    .....                   (boots unavailable)
Stlth   +.........              Q - amulet of the acrobat
HPRegen 1.12/turn               p - ring of protection from cold
MPRegen 0.13/turn               F - ring of protection from cold

@: no status effects
A: large, unfitting armour, claws 3, regeneration 1, shaggy fur 1, tough skin 1
a: Renounce Religion, Wall Jump, Serpent's Lash, Heavenly Storm


You were in an ice cave.
You worshipped Wu Jian.
Wu Jian was extremely pleased with you.
You visited 3 branches of the dungeon, and saw 17 of its levels.
You also visited: Ice Cave.

You collected 1076 gold pieces.
You spent 115 gold pieces at shops.

Inventory:

Missiles
 f - 107 stones
 A - 20 poisoned darts
 I - 4 silver boomerangs
 K - 5 atropa-tipped darts
 P - 7 javelins (quivered)
Armour
 a - a +0 robe (worn)
 b - a +0 kite shield
 v - a +0 cloak (worn)
 y - a +0 kite shield of protection (worn)
Jewellery
 l - a ring of magical power
 p - a ring of protection from cold (left claw)
 C - an amulet of magic regeneration
 F - a ring of protection from cold (right claw)
 J - the ring "Muzxiqif" {rN+ MP+9 Dex+3}
   (You found it on level 8 of the Dungeon)

   [ring of magical power]

   Dex:       It affects your dexterity (+3).
   rN:        It protects you from negative energy.
   MP:        It affects your magic capacity (+9).
 L - a ring of positive energy
 N - a ring of poison resistance
 Q - an amulet of the acrobat (around neck)
 S - a +4 ring of protection
 T - a ring of fire
Wands
 w - a wand of polymorph (8)
 B - a wand of flame (17)
 E - a wand of roots (12)
 U - a wand of charming (4)
 W - a wand of quicksilver (3)
Scrolls
 g - 5 scrolls of blinking {unknown}
 h - 6 scrolls of magic mapping
 i - 3 scrolls of amnesia {unknown}
 k - 2 scrolls of noise
 m - 5 scrolls of poison {unknown}
 n - 3 scrolls of enchant armour
 q - 4 scrolls of immolation {unknown}
 s - a scroll of vulnerability
 u - 3 scrolls of teleportation
 x - 4 scrolls of fear
 D - a scroll of enchant weapon
Potions
 c - 3 potions of might
 d - 6 potions of haste
 e - 4 potions of invisibility
 j - 3 potions of flight
 o - a potion of curing
 t - 2 potions of heal wounds
 z - 5 potions of attraction
 G - 3 potions of brilliance
 H - 4 potions of ambrosia
 M - 2 potions of resistance
 O - a potion of degeneration
 V - a potion of mutation
Miscellaneous
 R - a condenser vane


   Skills:
 + Level 10.0 Fighting
 + Level 5.7 Dodging
 + Level 10.9 Shields
 * Level 15.9 Unarmed Combat


You had 12 spell levels left.
You didn't know any spells.
Your spell library contained the following spells:

 Spells                   Type           Power      Damage    Failure   Level
 Dazzling Flash           Conj/Hex       0%         N/A       93%         3
 Agony                    Necr           0%         N/A       100%        5
 Silence                  Hex/Air        0%         N/A       100%        5


Dungeon Overview and Level Annotations

Branches:
Dungeon (12/15)            Temple (1/1) D:6            Lair (4/5) D:11
 Shoals (0/4) Lair:2       Spider (0/4) Lair:3          Orc (0/2) D:9
  IceCv (1/1)
  Slime: Lair:4-5

Altars:
Ashenzari
Elyvilon
Hepliaklqana
Makhleb
Trog
Uskayaw
Wu Jian
Yredelemnul

Shops:
D:2 [   D:5 !?

Annotations:
D:5 3 runed translucent doors, Ofeo's ghost, amateur MeEE
Lair:2 Gastronok; Harold


Innate Abilities, Weirdness & Mutations

You are too large for most types of armour.
You have claws for hands.
Your natural rate of healing is unusually fast.
You are covered in fur. (AC +1)
You have tough skin. (AC +1)


Message History

You block the azure jelly's attack. x2; The azure jelly hits you!
The azure jelly attacks as you move away!
The azure jelly barely misses you.
The azure jelly hits you but does no damage.
You block the azure jelly's attack.
The azure jelly hits you but does no damage.
The azure jelly attacks as you move away!
You block the azure jelly's attack. The azure jelly hits you.
The azure jelly freezes you! You resist.
The azure jelly hits you but does no damage.
The azure jelly completely misses you. The azure jelly hits you!
The azure jelly freezes you! You resist.
* * * LOW HITPOINT WARNING * * *
The azure jelly hits you.
* * * LOW HITPOINT WARNING * * *
The azure jelly freezes you! You resist.
* * * LOW HITPOINT WARNING * * *
You block the azure jelly's attack. The azure jelly closely misses you.
Okay, then.
Press: ? - help, v - describe, . - travel The floor.
You feel much better.
The azure jelly hits you but does no damage. x2
The azure jelly barely misses you.
The azure jelly hits you but does no damage.
As you read the scroll of summoning, it crumbles to dust.
Wisps of shadow whirl around you...
The azure jelly hits you but does no damage.
The azure jelly hits you! The azure jelly freezes you! You resist.
* * * LOW HITPOINT WARNING * * *
The azure jelly closely misses you. The azure jelly barely misses you.
The azure jelly attacks as you move away!
The azure jelly hits you!
* * * LOW HITPOINT WARNING * * *
The azure jelly freezes you! You resist.
* * * LOW HITPOINT WARNING * * *
The azure jelly hits you.
* * * LOW HITPOINT WARNING * * *
The azure jelly freezes you! You resist.
You die...

# ########### ..##
###.........### ....#
#..J..........###
.....####J..JJ###......##
.#.....###.Z...####.....#
.........#J.J...........#
#(.....ZJ@JZ..####.....#
......##########.......##
.(..# #######........##
..######...........####
###...............##
###.......#####.#####
#.......### ##.########
######....###
#.........###
....###....###
###...........##


You could see an azure jelly (ally target), a shapeshifter simulacrum, 7
friendly slime creatures, a friendly shapeshifter simulacrum (summoned) and a
friendly glowing shapeshifter simulacrum (summoned).

Vanquished Creatures
  A quicksilver ooze (IceCv)
  Snorg (Lair:3)
  A catoblepas (Lair:4)
  6 two-headed ogres
  3 hydras (Lair:3)
  Amaemon (Lair:1)
  2 ugly things (D:11)
  A manticore (D:12)
  A merfolk siren (Lair:2)
  11 elephants
  4 cane toads
  2 ice statues (IceCv)
  An orange demon (Lair:1)
  A torpor snail (Lair:3)
  An unseen horror (D:11)
  3 rime drakes
  2 kobold demonologists (D:11)
  2 komodo dragons
  A troll (D:11)
  2 hornets
  2 polar bears
  11 slime creatures (IceCv)
  Prince Ribbit (D:9)
  4 blink frogs (Lair:1)
  4 dream sheep (Lair:3)
  A wraith (D:11)
  3 wyverns
  28 yaks
  A vampire (D:11)
  3 basilisks
  Duvessa (D:6)
  5 water moccasins
  A sky beast (D:7)
  3 ice beasts
  6 black bears
  6 great orb of eyes simulacra (IceCv)
  3 ogres
  14 wolves
  5 centaurs
  A phantom (D:5)
  5 slime creature simulacra (IceCv)
  3 kobold brigands
  10 bullfrogs
  A glowing shapeshifter simulacrum (IceCv)
  A gnoll sergeant (D:12)
  7 scorpions
  22 wights
  Dowan (D:6)
  8 killer bees
  2 howler monkeys (D:5)
  An electric eel (Lair:4)
  4 jellies
  3 hounds
  2 orc priests (D:7)
  Ijyb (D:5)
  2 iguanas
  5 orc wizards
  4 shapeshifter simulacra (IceCv)
  13 gnolls
  9 adders
  A shadow imp (D:7)
  A white imp (D:6)
  A worm (D:2)
  3 dart slugs
  30 orcs
  9 bats
  9 endoplasms
  2 giant cockroaches (D:1)
  4 goblins
  6 hobgoblins
  3 quokkas
  5 ball pythons
  4 frilled lizards (D:1)
  21 kobolds
  7 rats
  2 butterflies
362 creatures vanquished.

Vanquished Creatures (others)
  17 fungi
  21 plants
38 creatures vanquished.

Grand Total: 400 creatures vanquished

Notes
Turn   | Place    | Note
-------+----------+-------------------------------------------
     0 | D:1      | LustLizard the Troll Fighter began the quest for the Orb.
     0 | D:1      | Reached XP level 1. HP: 22/22 MP: 0/0
    83 | D:1      | Reached XP level 2. HP: 28/29 MP: 1/1
   598 | D:1      | Reached XP level 3. HP: 36/36 MP: 2/2
   957 | D:2      | Reached skill level 3 in Unarmed Combat
  1139 | D:2      | Found Tekoliet's Armour Emporium.
  1522 | D:3      | Reached XP level 4. HP: 44/44 MP: 3/3
  1930 | D:3      | Found a broken altar of Ashenzari.
  1941 | D:3      | Found a bloodstained altar of Trog.
  2373 | D:4      | Reached skill level 4 in Unarmed Combat
  2373 | D:4      | Reached XP level 5. HP: 51/53 MP: 4/4
  2505 | D:5      | Entered Level 5 of the Dungeon
  2505 | D:5      | Found Cinycofa's Magic Scroll Boutique.
  2521 | D:5      | Bought a scroll of identify for 26 gold pieces
  2521 | D:5      | Bought a scroll of teleportation for 39 gold pieces
  2527 | D:5      | Noticed Ijyb
  2533 | D:5      | Noticed an ice beast
  2627 | D:5      | Noticed a black bear
  2633 | D:4      | Killed a black bear
  2642 | D:5      | Noticed a hornet
  2651 | D:5      | Killed a hornet
  2652 | D:5      | Reached skill level 5 in Unarmed Combat
  2652 | D:5      | Reached XP level 6. HP: 37/62 MP: 5/5
  2663 | D:5      | Found Cabuas's Distillery.
  2666 | D:5      | Bought a potion of heal wounds for 50 gold pieces
  2690 | D:5      | Reached XP level 7. HP: 62/68 MP: 6/6
  2876 | D:5      | Reached skill level 6 in Unarmed Combat
  3264 | D:5      | Reached skill level 5 in Shields
  3291 | D:5      | Reached XP level 8. HP: 57/79 MP: 7/7
  3430 | D:6      | Reached skill level 7 in Unarmed Combat
  3576 | D:6      | Reached skill level 5 in Fighting
  3622 | D:6      | Reached skill level 8 in Unarmed Combat
  3685 | D:6      | Noticed Dowan
  3750 | D:5      | Killed Ijyb
  3827 | D:5      | Reached XP level 9. HP: 83/88 MP: 8/8
  3888 | D:5      | Found a runed translucent gate.
  3888 | D:5      | Found a runed translucent gate.
  3888 | D:5      | Found a runed translucent gate.
  3891 | D:5      | Noticed Ofeo's ghost (amateur MeEE)
  3979 | D:6      | Noticed Duvessa
  4097 | D:6      | Found a staircase to the Ecumenical Temple.
  4120 | Temple   | Entered the Ecumenical Temple
  4166 | Temple   | Became a worshipper of the Wu Jian Council
  4520 | D:6      | Killed Duvessa
  4521 | D:6      | Reached skill level 9 in Unarmed Combat
  4522 | D:6      | Killed Dowan
  4954 | D:6      | Reached * piety under Wu Jian
  5073 | D:7      | Found a white marble altar of Elyvilon.
  5409 | D:7      | Reached skill level 10 in Unarmed Combat
  5572 | D:7      | Found a basalt altar of Yredelemnul.
  5963 | D:8      | Reached XP level 10. HP: 53/100 MP: 9/9
  6154 | D:8      | Reached ** piety under Wu Jian
  6494 | D:8      | Identified the ring "Muzxiqif" {rN+ MP+9 Dex+3}
  6542 | D:8      | You fall into a shaft and drop 3 floors!
  6626 | D:11     | Noticed a two-headed ogre
  6637 | D:11     | Noticed a manticore
  6747 | D:10     | Entered Level 10 of the Dungeon
  6754 | D:10     | Reached skill level 11 in Unarmed Combat
  6775 | D:10     | Identified the +9 sling of the Wizarding Sybil {speed,
                  | Fragile rElec rF+}
  6797 | D:10     | Noticed a two-headed ogre
  6890 | D:10     | Killed a two-headed ogre
  6951 | D:10     | Noticed a two-headed ogre
  6968 | D:10     | Killed a two-headed ogre
  7499 | D:9      | Found a staircase to the Orcish Mines.
  7573 | D:9      | Reached skill level 12 in Unarmed Combat
  8017 | D:9      | Noticed Prince Ribbit
  8028 | D:9      | Killed Prince Ribbit
  8357 | D:10     | Noticed a two-headed ogre
  8370 | D:10     | Killed a two-headed ogre
  8371 | D:10     | Reached XP level 11. HP: 38/109 MP: 10/10
  8927 | D:11     | Noticed a brown ugly thing
  9006 | D:11     | Killed a brown ugly thing
  9152 | D:11     | Noticed a two-headed ogre
  9254 | D:11     | Found a staircase to the Lair.
  9392 | D:11     | Killed a two-headed ogre
  9393 | D:11     | Reached skill level 13 in Unarmed Combat
  9509 | D:11     | Noticed a cyan ugly thing
  9519 | D:11     | Killed a cyan ugly thing
  9631 | D:11     | Noticed a +3 hand axe
  9632 | D:11     | Noticed a +0 dagger
  9633 | D:11     | Found a hide-covered altar of Uskayaw.
  9748 | D:11     | Killed a two-headed ogre
  9814 | D:11     | Noticed a two-headed ogre
  9826 | D:11     | Killed a two-headed ogre
 10312 | Lair:1   | Entered Level 1 of the Lair of Beasts
 10485 | Lair:1   | Reached XP level 12. HP: 100/122 MP: 11/11
 10603 | Lair:1   | Reached skill level 14 in Unarmed Combat
 10678 | Lair:1   | Reached *** piety under Wu Jian
 10886 | Lair:1   | Noticed Amaemon
 10894 | Lair:1   | Killed Amaemon
 11506 | Lair:2   | Identified the +7 sling "Hehiowar" {venom, rC+}
 11644 | Lair:2   | Noticed Harold
 11685 | Lair:2   | Found a staircase to the Shoals.
 11728 | Lair:2   | Reached skill level 10 in Shields
 11758 | Lair:2   | Noticed Gastronok
 12275 | Lair:3   | Found a hole to the Spider Nest.
 12306 | Lair:3   | Noticed a four-headed hydra
 12325 | Lair:3   | Killed a four-headed hydra
 12589 | Lair:3   | Noticed a seven-headed hydra
 12594 | Lair:3   | Killed a seven-headed hydra
 12594 | Lair:3   | Noticed Snorg
 12604 | Lair:3   | Killed Snorg
 12605 | Lair:3   | Reached skill level 15 in Unarmed Combat
 12731 | Lair:3   | Noticed a six-headed hydra
 13103 | Lair:3   | Killed a seven-headed hydra
 13216 | Lair:3   | Reached XP level 13. HP: 131/131 MP: 12/12
 13219 | Lair:3   | Reached **** piety under Wu Jian
 13225 | Lair:3   | Reached skill level 5 in Dodging
 13854 | Lair:4   | Found a frozen archway.
 13871 | IceCv    | Entered an ice cave
 14292 | IceCv    | Reached ***** piety under Wu Jian
 14403 | IceCv    | Noticed a quicksilver ooze
 14404 | IceCv    | Noticed an azure jelly
 14414 | IceCv    | Killed a quicksilver ooze
 14415 | IceCv    | Reached skill level 10 in Fighting
 14537 | IceCv    | HP: 5/133 [azure jelly (4)]
 14537 | IceCv    | Slain by an azure jelly

Illustrated notes

Levels and vault maps discovered:
D:1:      dpeg_arrival_arbitrary_a, layout_loops_ring, minivault_14
D:2:      layout_basic, serial_shops, nicolae_shop_behind_doors
D:3:      layout_loops_ring, mainiacjoe_overflow_swirl, corexii_leaking_fountain
D:4:      wander_river, layout_basic
D:5:      layout_loops_ring, serial_shops, nicolae_shop_window_shopping, shop,
          biasface_ghost_orc_armoury, uniq_ijyb
D:6:      old_forge, layout_basic, minmay_temple_entry_butterflies, uniq_duvessa
D:7:      layout_cave_pools, kennysheep_little_box,
          mainiacjoe_overflow_brackets, grunt_decor_fettered
D:8:      layout_basic
D:9:      layout_loops_corners, orc_0_dummy, uniq_prince_ribbit1
D:10:     layout_irregular_city
D:11:     layout_loops_corners, david_lair_generic, dancing_weapons_uskayaw
D:12:     lemuel_slime, layout_loops_ring, gammafunk_ghost_fury_of_okawaru,
          serial_shops, nicolae_shop_hallway_stairs
Temple:   dpeg_five_rooms_temple
Lair:1:   layout_loops_ring, beast_lair_carwin_11, grunt_megastairs_3,
          uniq_amaemon
Lair:2:   layout_small_grid, elwin_shoals_entry_rooms, disabler_island,
          uniq_harold, uniq_gastronok, uniq_erica
Lair:3:   layout_regular_city, spider_nest_entry_web_field, uniq_snorg
Lair:4:   layout_hall_layers, portal_ice_cave_entry_pillars_2,
          grunt_megastairs_4, lemuel_fruit_tree, lemuel_fruit_fields,
          infiniplex_staircase_pool
IceCv:    ice_cave_hellmonk_azure_passage

Skill      XL: |  1  2  3  4  5  6  7  8  9 10 11 12 13 |
---------------+----------------------------------------+-----
Shields        | 3 4 5 6 7 8 9 10 | 10.9
Unarmed Combat | 3 4 5 6 8 10 12 13 15 | 15.9
Fighting       | 3 4 5 6 7 8 9 10 | 10.0
Dodging        | 4 5 |  5.7

Action                   |  1- 3 |  4- 6 |  7- 9 | 10-12 | 13-15 || total
-------------------------+-------+-------+-------+-------+-------++-------
Melee: Unarmed           |   118 |    68 |   318 |   511 |   175 ||  1190
Throw: Stone             |       |       |     6 |     3 |       ||     9
       Throwing net      |       |       |     2 |       |       ||     2
       Dart              |       |       |     2 |    23 |     2 ||    27
       Boomerang         |       |       |       |     6 |       ||     6
       Javelin           |       |       |       |     2 |     4 ||     6
Invok: Lunge             |       |       |     6 |    53 |    11 ||    70
       Whirlwind         |       |       |     2 |    12 |     3 ||    17
       Serpent's Lash    |       |       |       |     1 |       ||     1
Evoke: Wand              |       |       |       |     6 |       ||     6
  Use: Scroll            |       |     5 |     2 |    12 |     1 ||    20
       Potion            |       |     1 |     1 |     4 |     1 ||     7
 Stab: Sleeping          |     1 |     1 |       |     1 |       ||     3
       Held in net/web   |       |       |     1 |     1 |       ||     2
       Invisible         |       |       |       |     2 |       ||     2
Armor: Robe              |    29 |    19 |    70 |    89 |    60 ||   267
       Skin              |       |       |       |    37 |       ||    37
Dodge: Dodged            |    22 |    22 |    84 |   165 |    53 ||   346
Block: Kite shield       |    39 |    17 |   132 |   231 |    69 ||   488
